 Dungeon Crawl Stone Soup version 0.30.0-5-g1a98f26d00 (webtiles) character file.

Game seed: 7009163860154960821

14199 McKennaii the Destroyer (level 11, -7/74 HPs)
             Began as a Demigod Conjurer on May 11, 2023.
             Mangled by a polar bear (17 damage)
             ... on level 12 of the Dungeon.
             The game lasted 00:17:53 (14344 turns).

McKennaii the Destroyer (Demigod Conjurer)         Turns: 14344, Time: 00:17:54

Health: -7/74      AC:  8    Str: 11    XL:     11   Next: 55%
Magic:  4/31       EV: 11    Int: 32    God:
Gold:   767        SH:  0    Dex: 12    Spells: 21/33 levels left

rFire   . . .        C - +2 dagger (speed)
rCold   . . .        (no shield)
rNeg    + . .        K - +2 leather armour of Buymiwk {rElec Str+3}
rPois   .            D - +0 helmet
rElec   +            (no cloak)
rCorr   .            G - +0 pair of gloves
SInv    .            j - +0 pair of boots
Will    ++...        B - amulet of magic regeneration
Stlth   ++           h - ring of willpower
HPRegen 0.32/turn    a - ring of positive energy
MPRegen 0.62/turn

%: no passive effects
@: studying Hexes
A: high MP 1, forlorn, divine attributes
a: no special abilities


You were on level 12 of the Dungeon.
You visited 1 branch of the dungeon, and saw 12 of its levels.

You collected 797 gold pieces.
You spent 30 gold pieces at shops.

Inventory:

Hand Weapons
 C - a +2 dagger of speed (weapon)
Armour
 j - a +0 pair of boots (worn)
 D - a +0 helmet (worn)
 G - a +0 pair of gloves (worn)
 K - the +2 leather armour of Buymiwk (worn) {rElec Str+3}
   (You found it on level 10 of the Dungeon)

   Str:       It affects your strength (+3).
   rElec:     It insulates you from electricity.
Jewellery
 a - a ring of positive energy (right hand)
 h - a ring of willpower (left hand)
 p - a ring of resist corrosion
 B - an amulet of magic regeneration (around neck)
 F - a ring of magical power
Wands
 t - a wand of acid (6)
 y - a wand of paralysis (14)
 H - a wand of polymorph (3)
Scrolls
 d - 2 scrolls of fog {unknown}
 e - 4 scrolls of teleportation {unknown}
 f - 8 scrolls of identify {unknown}
 i - 2 scrolls of immolation {unknown}
 k - a scroll of fear {unknown}
 l - a scroll of vulnerability {unknown}
 n - 2 scrolls of enchant weapon {unknown}
 x - 2 scrolls of poison {unknown}
 z - a scroll of amnesia {unknown}
 E - a scroll of noise {unknown}
Potions
 b - 2 potions of magic
 c - a potion of invisibility {unknown}
 g - 4 potions of might {unknown}
 m - 4 potions of resistance {unknown}
 o - a potion of mutation {unknown}
 q - 2 potions of berserk rage {unknown}
 r - 7 potions of curing {unknown}
 s - 3 potions of degeneration {unknown}
 u - a potion of attraction {unknown}
 w - 2 potions of flight {unknown}
 A - 3 potions of ambrosia {unknown}
 I - 3 potions of haste {unknown}
 J - 2 potions of brilliance {unknown}


   Skills:
 - Level 1.7 Dodging
 - Level 1.7 Stealth
 + Level 11.7 Spellcasting
 + Level 13.0 Conjurations


You had 21 spell levels left.
You knew the following spells:

 Your Spells              Type           Power      Damage    Failure   Level
a - Magic Dart            Conj           100%       1d8       0%          1
b - Searing Ray           Conj           100%       2d8       1%          2
c - Iskenderun's Mystic   Conj/Tloc      57%        2d12      2%          4
f - Freezing Cloud        Conj/Ice/Air   23%        6-21      16%         5

Your spell library contained the following spells:

 Spells                   Type           Power      Damage    Failure   Level
 Dazzling Flash           Conj/Hex       100%       N/A       1%          3
 Mephitic Cloud           Conj/Pois/Air  46%        N/A       1%          3
 Fulminant Prism          Conj/Hex       28%        3d14      2%          4
 Apportation              Tloc           36%        N/A       3%          1
 Necrotise                Necr           72%        1d7       3%          1
 Summon Small Mammal      Summ           72%        N/A       3%          1
 Call Imp                 Summ           36%        N/A       4%          2
 Cigotuvi's Dreadful Rot  Necr/Pois/Air  36%        N/A       4%          2
 Lesser Beckoning         Tloc           36%        N/A       4%          2
 Gell's Gravitas          Tloc           18%        N/A       10%         3
 Ignite Poison            Fire/Tmut/Pois 18%        N/A       10%         3
 Ozocubu's Armour         Ice            18%        N/A       10%         3
 Teleport Other           Tloc           18%        N/A       10%         3
 Volatile Blastmotes      Fire/Tloc      36%        2d13      10%         3
 Starburst                Conj/Fire      28%        6d9       34%         6
 Metabolic Englaciation   Hex/Ice        9%         N/A       67%         5
 Simulacrum               Ice/Necr       9%         N/A       99%         6


Dungeon Overview and Level Annotations

Branches:
Dungeon (12/15)            Temple (0/1) D:7            Lair (0/5) D:10
    Orc: D:9-12

Shops:
D:6 *


Innate Abilities, Weirdness & Mutations

You have an increased reservoir of magic. (+10% MP)
You shall have no god before yourself.
Your divine heritage dramatically boosts your attributes as you level up.


Message History

A red ugly thing comes into view.
The red ugly thing gurgles horribly!
Unknown command.
You are no longer corroded.
The polar bear bites you!
* * * LOW HITPOINT WARNING * * *
The polar bear barely misses you. The polar bear closely misses you.
Casting: Iskenderun's Mystic Blast (dangerous; 2% risk of failure)
Confirm with . or Enter, or press ? or * to list all spells.
You erupt in a blast of force!
The mystic blast hits the polar bear!
The polar bear is almost dead.
The polar bear bites you!!
* * * LOW HITPOINT WARNING * * *
The polar bear claws you.
* * * LOW HITPOINT WARNING * * *
The polar bear claws you but does no damage.
Unknown command.
Okay, then.
You feel much better.
The polar bear bites you but does no damage.
The polar bear claws you but does no damage.
The polar bear closely misses you. The polar bear bites you!!
* * * LOW HITPOINT WARNING * * *
The polar bear closely misses you.
The polar bear claws you but does no damage.
Unknown command.
You feel much better. The polar bear barely misses you.
The polar bear claws you. The polar bear closely misses you.
The red ugly thing bites you.
* * * LOW HITPOINT WARNING * * *
You are engulfed in flames!
* * * LOW HITPOINT WARNING * * *
Unknown command.
You feel much better. The polar bear closely misses you.
The polar bear claws you.
The polar bear claws you but does no damage.
The red ugly thing bites you!
You are engulfed in flames!!
* * * LOW HITPOINT WARNING * * *
The polar bear bites you!
You die...

#..# #...# #..# #...#
###..#####...#### ##
.................. ..
######........~.#. .#
~ ##...~~~..... ?# ..~
#.~~~~~~..#####.#....~
#(.~~~~~~.##..u[...u.~
#..~≈~≈~~.@h.###.~~~~~
#.~~~~~...#u## ~~≈≈~
#......~....# ~~~~
#..........## ~.~
############ .. #


You could see 2 ugly things and a polar bear (berserk).

Vanquished Creatures
  A centaur warrior (D:11)
  3 two-headed ogres (D:11)
  An ugly thing (D:12)
  A cyclops (D:12)
  A manticore (D:11)
  Joseph (D:7)
  An unseen horror (D:12)
  7 trolls
  2 polar bears (D:12)
  Sigmund (D:6)
  4 centaur simulacra (D:12)
  6 slime creatures (D:10)
  A shadow (D:12)
  A wraith (D:11)
  A wyvern (D:8)
  11 yaks
  An acid dragon (D:12)
  2 water moccasins
  A meliai simulacrum (D:12)
  3 ice beasts
  5 orc warriors
  2 black bears
  2 centaurs
  An ogre (D:5)
  A wolf (D:12)
  A phantom (D:5)
  3 kobold brigands
  7 bullfrogs
  2 gnoll sergeants
  4 scorpions
  8 killer bees
  6 howler monkeys
  A hound (D:5)
  2 orc priests (D:6)
  2 sleepcaps
  A jelly (D:6)
  A gnoll bouda (D:10)
  Jessica (D:3)
  5 iguanas
  11 orc wizards
  9 adders
  16 gnolls
  2 shadow imps
  3 white imps (D:12)
  An ufetubus (D:12)
  2 worms
  A dart slug (D:4)
  45 orcs
  5 bats
  5 endoplasms
  2 giant cockroaches
  9 goblins
  8 hobgoblins
  7 jackals
  9 kobolds
  4 quokkas
  10 ball pythons
  3 frilled lizards (D:1)
  6 rats
263 creatures vanquished.

Notes
Turn   | Place    | Note
-------+----------+-------------------------------------------
     0 | D:1      | McKennaii the Demigod Conjurer began the quest for the Orb.
     0 | D:1      | Reached XP level 1. HP: 14/14 MP: 5/5
   401 | D:1      | Reached XP level 2. HP: 17/20 MP: 2/7
   564 | D:1      | Reached skill level 4 in Conjurations
   605 | D:1      | Learned a level 2 spell: Searing Ray
  1200 | D:2      | Reached XP level 3. HP: 26/26 MP: 4/9
  2302 | D:3      | Noticed Jessica
  2305 | D:3      | Killed Jessica
  2306 | D:3      | Reached XP level 4. HP: 33/33 MP: 7/11
  2313 | D:3      | Learned a level 4 spell: Iskenderun's Mystic Blast
  2772 | D:3      | Reached XP level 5. HP: 38/38 MP: 3/13
  2774 | D:3      | Reached skill level 5 in Conjurations
  4123 | D:5      | Entered Level 5 of the Dungeon
  4132 | D:5      | Reached XP level 6. HP: 45/45 MP: 8/15
  4555 | D:5      | Reached skill level 6 in Conjurations
  4642 | D:5      | Reached XP level 7. HP: 42/50 MP: 0/17
  4718 | D:5      | Reached skill level 5 in Spellcasting
  5855 | D:6      | Noticed Sigmund
  5861 | D:6      | Killed Sigmund
  5862 | D:6      | Reached skill level 7 in Conjurations
  5912 | D:6      | Found Zowew's CLEARANCE SALE!.
  5917 | D:6      | Bought a potion of heal wounds for 30 gold pieces
  6030 | D:6      | Reached XP level 8. HP: 57/57 MP: 13/20
  6955 | D:7      | Found a staircase to the Ecumenical Temple.
  7024 | D:7      | Reached skill level 8 in Conjurations
  7254 | D:7      | Noticed Joseph
  7271 | D:7      | Killed Joseph
  7673 | D:7      | Reached XP level 9. HP: 62/62 MP: 12/24
  7937 | D:8      | Reached skill level 9 in Conjurations
  9646 | D:9      | Reached skill level 10 in Conjurations
  9981 | D:10     | Entered Level 10 of the Dungeon
 10309 | D:10     | Reached XP level 10. HP: 46/69 MP: 20/27
 10455 | D:10     | Found a transporter.
 10496 | D:10     | Found a transporter.
 10574 | D:10     | Found a staircase to the Lair.
 11234 | D:10     | Reached skill level 11 in Conjurations
 11279 | D:10     | Learned a level 5 spell: Freezing Cloud
 11608 | D:10     | Reached skill level 10 in Spellcasting
 11875 | D:10     | Identified the +2 leather armour of Buymiwk {rElec Str+3}
 11950 | D:11     | Noticed a two-headed ogre
 12142 | D:11     | Noticed a manticore
 12150 | D:11     | Killed a manticore
 12559 | D:11     | Noticed a centaur warrior
 12568 | D:11     | Killed a centaur warrior
 12765 | D:11     | Killed a two-headed ogre
 12768 | D:11     | Noticed a two-headed ogre
 12787 | D:11     | Reached skill level 12 in Conjurations
 12787 | D:11     | Reached XP level 11. HP: 41/74 MP: 13/30
 12826 | D:11     | Killed a two-headed ogre
 13009 | D:11     | Noticed a two-headed ogre
 13020 | D:11     | Killed a two-headed ogre
 14330 | D:12     | Reached skill level 13 in Conjurations
 14341 | D:12     | HP: 2/74 [polar bear (18)]
 14344 | D:12     | Mangled by a polar bear

Illustrated notes

Levels and vault maps discovered:
D:1:      saegor_arrival_simple_d, layout_basic, chequers_arboretum
D:2:      minmay_spotlight, layout_basic
D:3:      layout_rooms, mainiacjoe_overflow_chevrons, minmay_puff, uniq_jessica
D:4:      layout_cave_pools, trog_book
D:5:      layout_basic, chequers_serial_rivers_micro_a, st_stairs_1,
          hangedman_abyss_or_decor_lesser_grid, hangedman_abyss_or_decor_stabs,
          grunt_ministairs_6
D:6:      layout_cave_pools, kennysheep_okawaru_gauntlet,
          chequers_serial_rivers_micro_b, nicolae_shop_clearance, uniq_sigmund
D:7:      layout_loops_cross, minmay_temple_entry_trees,
          minmay_tree_intersection, kennysheep_generic_room_7, uniq_joseph
D:8:      layout_cave_pools, mainiacjoe_overflow_two_lobes
D:9:      layout_roguey, lemuel_blue_sif_altar, mainiacjoe_overflow_alcove_4,
          serial_curves, eino_curves_04, eino_curves_04
D:10:     gammafunk_jiyva_shrine, layout_long_grid,
          grunt_lair_entry_orc_guard_hut,
          nicolae_concentric_dashed_squares_mild, chequers_serial_rivers_micro_a
D:11:     layout_loops_cross
D:12:     layout_long_grid, serial_ice, serial_ice_a, serial_ice_j,
          serial_ice_c, serial_ice_d, serial_ice_m, serial_ice_g, serial_ice_f,
          nemelex_lonely_heart_becter

Skill      XL: |  1  2  3  4  5  6  7  8  9 10 11 |
---------------+----------------------------------+-----
Spellcasting   | 2 3 4 6 7 9 10 11 | 11.7
Conjurations   | 4 5 6 7 8 10 12 13 | 13.0
Dodging        | |  1.7
Stealth        | |  1.7

Action                     |  1- 3 |  4- 6 |  7- 9 | 10-12 || total
---------------------------+-------+-------+-------+-------++-------
  Melee: Unarmed           |    39 |    20 |       |       ||    59
         Dagger            |       |       |    24 |    18 ||    42
   Cast: Magic Dart        |    85 |   122 |   182 |    66 ||   455
         Searing Ray       |       |    10 |    58 |    53 ||   121
         Iskenderun's Myst |       |       |     5 |    54 ||    59
         Freezing Cloud    |       |       |       |     1 ||     1
    Use: Potion            |       |       |       |     3 ||     3
 Armour: Robe              |    10 |     6 |    11 |       ||    27
         Leather armour    |       |       |    19 |    24 ||    43
  Dodge: Dodged            |    45 |    54 |   126 |    98 ||   323
